 Dungeon Crawl Stone Soup version 0.26-a0-712-ga5a9c9c9d0 (webtiles) character file.

Game seed: 7850681678231499579

51 dmks the Insei (level 3, 0/23 HPs)
             Began as an Octopode Transmuter on Nov 10, 2020.
             Succumbed to an adder's poison
             ... on level 2 of the Dungeon.
             The game lasted 00:02:57 (913 turns).

dmks the Insei (Octopode Transmuter)                 Turns: 913, Time: 00:02:58

Health: 0/23       AC:  1    Str: 15    XL:     3   Next: 81%
Magic:  6/6        EV: 13    Int: 15    God:
Gold:   69         SH:  0    Dex: 13    Spells: 5/6 levels left

rFire    . . .     SeeInvis .     - Unarmed
rCold    . . .     Faith    .   (no shield)
rNeg     . . .     Spirit   .   (helmet restricted)
rPois    .         Reflect  .   (no amulet)
rElec    .         Harm     .   h - +6 ring of strength
rCorr    .         Rampage  .   (no ring)
MR       .....                  (no ring)
Stlth    +++.......             (no ring)
HPRegen  0.07/turn              (no ring)
MPRegen  0.10/turn              (no ring)
                                (no ring)
                                (no ring)

@: brilliant, lethally poisoned (0 -> -5)
A: almost no armour, stealthy swim, amphibious, 8 rings, constrict 8, camouflage
1, gelatinous body 1
a: no special abilities


You were on level 2 of the Dungeon.
You visited 1 branch of the dungeon, and saw 2 of its levels.

You collected 69 gold pieces.

Inventory:

Jewellery
 h - a +6 ring of strength (left tentacle)
   (You found it on level 2 of the Dungeon)
Scrolls
 b - a scroll of enchant weapon
 f - a scroll of identify {@r1}
Potions
 a - a potion of brilliance


   Skills:
 + Level 1.4 Fighting
 + Level 2.3 Dodging
 + Level 1.2 Stealth
 * Level 3.6 Unarmed Combat
 + Level 2.3 Spellcasting
 + Level 2.2 Transmutations


You had 5 spell levels left.
You knew the following spells:

 Your Spells              Type           Power        Failure   Level
a - Beastly Appendage     Tmut           ##....       9%          1

Your spell library contained the following spells:

 Spells                   Type           Power        Failure   Level
 Wereblood                Tmut           ##......     13%         2
 Spider Form              Tmut/Pois      #.........   38%         3
 Ice Form                 Ice/Tmut       #.......     80%         4
 Blade Hands              Tmut           ##........   93%         5


Dungeon Overview and Level Annotations

Branches:
Dungeon (2/15)

Altars:
Ashenzari


Innate Abilities, Weirdness & Mutations

You cannot wear most types of armour.
You are very stealthy in the water. (Stealth+)
You are amphibious.
You can wear up to eight rings at the same time.
You can use your tentacles to constrict eight enemies at once.
Your skin changes colour to match your surroundings (Stealth+).
Your rubbery body absorbs attacks. (AC +1, EV +1)


Message History

You constrict the adder.
You kill the adder!
* * * LOW HITPOINT WARNING * * *
You feel sick.
As you read the scroll labeled GIYKLE ECOPUEN, it crumbles to dust.
It is a scroll of identify.
b - a scroll of enchant weapon
* * * LOW HITPOINT WARNING * * *
You feel sick.
As you read the scroll labeled COLIGR QAELL, it crumbles to dust.
The air around you briefly surges with heat, but it dissipates.
It was a scroll of immolation.
As you read the scroll labeled JILASE DIBLARO, it crumbles to dust.
It is a scroll of amnesia.
Really abort (and waste the scroll)? [Y]es or [N]o only, please.
Really abort (and waste the scroll)? [Y]es or [N]o only, please.
Really abort (and waste the scroll)?
Okay, then.
Your tentacle spike disappears.
* * * LOW HITPOINT WARNING * * *
You feel sick.
Okay, then.
As you read the scroll labeled MAUSAS XIWN, it crumbles to dust.
It was a scroll of blinking.
* * * LOW HITPOINT WARNING * * *
You feel sick.
As you read the scroll labeled ZOEDDU NYJIO, it crumbles to dust.
You feel strangely unstable.
It was a scroll of teleportation.
Unknown command.
* * * LOW HITPOINT WARNING * * *
You feel sick.
Your surroundings seem slightly different.
Unknown command.
Unknown command.
* * * LOW HITPOINT WARNING * * *
You feel sick.
* * * LOW HITPOINT WARNING * * *
You feel sick.
Found 11 gold pieces.
Unknown command.
There is a lethal amount of poison in your body!
There is a lethal amount of poison in your body!
There is a lethal amount of poison in your body!
Unknown command.
Found 14 gold pieces.
* * * LOW HITPOINT WARNING * * *
You feel sick.
You die...

#..##
#... ##
#.#...
#..#.
##... ..$
#.# #@#
#.# #.#
#.#######
#........
#.#######
#.# #.#
#..# #.#


There were no monsters in sight!

Vanquished Creatures
  An adder (D:2)
  A dart slug (D:1)
  3 giant cockroaches (D:1)
  4 goblins
  5 hobgoblins (D:1)
  8 jackals
  A ball python (D:1)
  6 bats (D:1)
  A frilled lizard (D:1)
  3 kobolds
  3 rats (D:1)
36 creatures vanquished.

Notes
Turn   | Place    | Note
-------+----------+-------------------------------------------
     0 | D:1      | dmks the Octopode Transmuter began the quest for the Orb.
     0 | D:1      | Reached XP level 1. HP: 13/13 MP: 3/3
    25 | D:1      | Reached XP level 2. HP: 18/18 MP: 5/5
   397 | D:1      | Found a broken altar of Ashenzari.
   431 | D:1      | Reached XP level 3. HP: 23/23 MP: 6/6
   444 | D:1      | Reached skill level 1 in Stealth
   905 | D:2      | HP: 1/23 [poisoned by an adder]
   913 | D:2      | Succumbed to an adder's poison

Illustrated notes

Levels and vault maps discovered:
D:1:      dpeg_arrival_tiny_a, layout_rooms, st_stairs_13,
          evilmike_ruin_ashenzari
D:2:      layout_loops_ring

Skill      XL: |  1  2  3 |
---------------+----------+-----
Stealth        | 1 |  1.2
Fighting       | |  1.4
Dodging        | |  2.3
Unarmed Combat | |  3.6
Spellcasting   | |  2.3
Transmutations | |  2.2

Action                   || total
-------------------------++-------
Melee: Unarmed           ||    79
       Constrict         ||    26
       Tentacles         ||    13
 Cast: Beastly Appendage ||     2
  Use: Scroll            ||     5
       Potion            ||     1
 Stab: Sleeping          ||     7
Armor: Skin              ||     8
Dodge: Dodged            ||    62

Table legend: (Time is in decaauts)
 A = Elapsed time spent in this place.
 B = Non-inter-level travel time spent in this place.
 C = Inter-level travel time spent in this place.
 D = Time resting spent in this place.
 E = Time spent auto-exploring this place.
 F = Levels seen in this place.
 G = Mean time per level.
                   A        B        C        D        E       F      G
               +--------+--------+--------+--------+--------+-----+--------+
         Total |    907 |    892 |     15 |    136 |    539 |   2 |  453.5 |
       Dungeon |    907 |    892 |     15 |    136 |    539 |   2 |  453.5 |
               +--------+--------+--------+--------+--------+-----+--------+

Top non-repeatable levels by time:
     D:1: 766 daAuts
     D:2: 141 daAuts
